 Dungeon Crawl Stone Soup version 0.21.0-3-g78d12a8 (webtiles) character file.

16304 Lovchig the Cleaver (level 12, -2/110 HPs)
             Began as a Deep Dwarf Fighter on Jan 16, 2018.
             Was a Believer of Makhleb.
             Slain by a two-headed ogre
             ... wielding a +0 giant spiked club
              (11 damage)
             ... on level 11 of the Dungeon.
             The game lasted 00:37:42 (9706 turns).

Lovchig the Cleaver (Deep Dwarf Fighter)            Turns: 9706, Time: 00:37:43

Health: -2/110     AC: 22    Str: 38    XL:     12   Next: 8%
Magic:  0/0        EV:  9    Int: 11    God:    Makhleb [**....]
Gold:   1922       SH: 13    Dex: 10    Spells: 11/11 levels left

rFire    . . .     SeeInvis .   R - +2 war axe (chop)
rCold    . . .     Gourm    .   J - +0 shield of Awe {rPois Slay+4}
rNeg     . . .     Faith    .   L - +0 crystal plate armour
rPois    +         Spirit   .   (helmet restricted)
rElec    +         Reflect  .   (no cloak)
rCorr    .         Harm     .   n - +1 pair of gloves
MR       +....                  (no boots)
Stlth    ..........             H - amulet of magic regeneration
HPRegen  0.00/turn              y - ring of Daisies {*Corrode rElec MP-9 Str+10 Int+2}
MPRegen  0.32/turn              x - +3 ring of strength

@: starving, non-regenerating
A: damage resistance, heal wounds, horns 1, clumsy 1, mutation resistance 1,
sense surroundings 2, no regeneration
a: Heal Wounds, Minor Destruction, Renounce Religion


You were on level 11 of the Dungeon.
You worshipped Makhleb.
Makhleb was pleased with you.
You were starving.

You visited 2 branches of the dungeon, and saw 12 of its levels.
You also visited: Labyrinth, Ossuary and Bailey.

You collected 2010 gold pieces.
You spent 88 gold pieces at shops.

Inventory:

Hand Weapons
 A - a +3 scimitar of flaming
 R - a +2 war axe of chopping (weapon)
Armour
 n - a +1 pair of gloves (worn)
 J - the +0 shield of Awe (worn) {rPois Slay+4}
   (You found it on level 10 of the Dungeon)

   It affects your accuracy and damage with ranged weapons and melee attacks
   (+4).
   It protects you from poison.
 L - a +0 crystal plate armour (worn)
Jewellery
 d - an uncursed ring of protection from cold
 l - an uncursed ring of protection from cold
 x - a +3 ring of strength (right hand)
 y - the ring of Daisies (left hand) {*Corrode rElec MP-9 Str+10 Int+2}
   (You took it off a centaur on level 8 of the Dungeon)

   [ring of intelligence]

   It affects your strength (+10).
   It affects your intelligence (+2).
   It insulates you from electricity.
   It affects your magic capacity (-9).
   It may corrode you when you take damage.
 z - an uncursed ring of resist corrosion
 C - a +4 ring of dexterity
 G - a cursed ring of teleportation {unknown}
 H - an amulet of magic regeneration (around neck)
 I - an uncursed ring of magical power
 M - an uncursed ring of see invisible {unknown}
 N - an uncursed ring of magical power
Wands
 b - a wand of flame (41)
 c - a wand of digging (13)
 r - a wand of iceblast (12)
 B - a wand of disintegration (8)
 O - a wand of paralysis (10)
 P - a wand of enslavement (12)
 Q - a wand of polymorph (15)
Scrolls
 e - 5 scrolls of remove curse
 k - 3 scrolls of amnesia
 m - a scroll of magic mapping
 p - 3 scrolls of fog
 q - 2 scrolls of identify
 t - a scroll of holy word
 v - 2 scrolls of blinking
 w - 4 scrolls of teleportation
 D - 3 scrolls of enchant weapon
 K - a scroll of enchant armour
Potions
 g - 5 potions of haste
 h - 10 potions of curing
 i - a potion of invisibility
 j - a potion of ambrosia
 o - a potion of agility
 s - a potion of heal wounds
 u - a potion of cancellation
 E - a potion of brilliance
Comestibles
 f - 24 rations
 F - 9 chunks of flesh


   Skills:
 * Level 7.7 Fighting
 * Level 13.2 Axes
 * Level 9.6 Armour
 * Level 7.2 Dodging
 * Level 9.9 Shields


You had 11 spell levels left.
You didn't know any spells.

Dungeon Overview and Level Annotations

Branches:
Dungeon (11/15)            Temple (1/1) D:4             Orc (0/2) D:9
   Lair: D:8-11

Altars:
Ashenzari
Cheibriados
Dithmenos
Elyvilon
Fedhas
Gozag
Hepliaklqana
Kikubaaqudgha
Makhleb
Nemelex Xobeh
Okawaru
Qazlal
Ru
Sif Muna
Trog
Uskayaw
Vehumet
Wu Jian
Xom
Yredelemnul
Zin
The Shining One

Shops:
D:6 *   D:7 (   D:10 *


Innate Abilities, Weirdness & Mutations

You are resistant to damage.
You can heal yourself by infusing magical energy.
You passively map the area around you.
You do not regenerate.
You have a pair of small horns on your head.
You are clumsy. (Dex -2)
You are somewhat resistant to further mutation.


Message History

You see here a giant spiked club.
You slash the two-headed ogre!
The two-headed ogre is lightly wounded.
You hit the two-headed ogre.
The two-headed ogre is moderately wounded.
The two-headed ogre hits you but does no damage.
You block the two-headed ogre's attack.
You completely miss the two-headed ogre.
You headbutt the two-headed ogre!
The two-headed ogre is heavily wounded.
The two-headed ogre barely misses you.
The two-headed ogre hits you with a giant club!
* * * LOW HITPOINT WARNING * * *
You hit the two-headed ogre but do no damage.
The two-headed ogre is heavily wounded.
You slash the two-headed ogre!
Your headbutt misses the two-headed ogre.
The two-headed ogre is severely wounded.
The two-headed ogre hits you with a giant spiked club!
You die...

, , , , ,,, , * ,, . , ,,
,, . ,, ,, , , *###. * ,,
* , * ...###### ,# , ,
##......##.# ,*
,##........#.####** * .,#
#<....O........# , ,
...#.#.....)@)......., , *
,,#....#.......[....... ,
, ....?.........).......
,_ ..._..#...............
, , ......##........#.....
, ,*
................##...# , ,
.................##### **
, ................#######
..##.#....[.............##


You could see a two-headed ogre.

Vanquished Creatures
  A minotaur (Lab)
  Erolcha (D:9)
  Erica (D:9)
  5 two-headed ogres
  An orc knight (Bailey)
  An ugly thing (D:11)
  Psyche (D:8)
  An efreet (D:11)
  A troll (D:9)
  Prince Ribbit (D:8)
  A hornet (D:9)
  2 hippogriffs (D:10)
  2 shadows
  A vampire (D:8)
  7 yaks (D:11)
  A basilisk (Lab)
  3 hungry ghosts
  The ghost of Swippen the Protected, an amateur GnWn (D:3)
  2 soldier ants (D:9)
  3 water moccasins
  9 orc warriors
  A black bear (D:10)
  4 ice beasts
  3 phantoms
  A necrophage (D:6)
  A sky beast (D:7)
  An eye of draining (D:10)
  5 ogres
  4 centaurs
  2 big kobolds
  An earth elemental (Lab)
  A wyvern zombie (D:7)
  6 bullfrogs
  2 scorpions
  A water moccasin skeleton (D:11)
  5 howler monkeys
  A wight (D:8)
  2 spriggan skeletons (Lab)
  10 crimson imps
  2 centaur zombies (Ossuary)
  10 orc priests
  A bullfrog skeleton (D:4)
  10 hounds
  3 jellies
  8 iguanas
  13 orc wizards
  10 worker ants
  A killer bee zombie (D:10)
  2 big kobold zombies (Ossuary)
  2 ogre skeletons (Lab)
  2 hound skeletons
  4 mummies (Ossuary)
  A howler monkey zombie (D:9)
  6 gnolls
  7 adders
  4 shadow imps
  An ooze (D:3)
  An adder zombie (D:5)
  An adder skeleton (D:4)
  A worm (D:6)
  A dart slug (D:3)
  7 leopard geckos
  39 orcs
  3 giant cockroaches
  8 goblins
  11 hobgoblins
  7 jackals
  4 quokkas
  6 bats
  3 frilled lizards
  2 hobgoblin zombies (Ossuary)
  23 kobolds
  2 leopard gecko skeletons
  A quokka skeleton (D:4)
  3 rats
307 creatures vanquished.

Vanquished Creatures (others)
  A plant (D:11)
1 creature vanquished.

Grand Total: 308 creatures vanquished

Notes
Turn   | Place    | Note
-------+----------+-------------------------------------------
     0 | D:1      | Lovchig the Deep Dwarf Fighter began the quest for the Orb.
     0 | D:1      | Reached XP level 1. HP: 20/20 MP: 1/1
   348 | D:1      | Reached XP level 2. HP: 22/27 MP: 2/2
  1226 | D:2      | Reached XP level 3. HP: 21/34 MP: 3/3
  1644 | D:3      | Noticed Swippen's ghost (amateur GnWn)
  1689 | D:3      | Killed Swippen's ghost
  1689 | D:3      | Reached skill level 3 in Axes
  1689 | D:3      | Reached skill level 1 in Dodging
  1689 | D:3      | Reached XP level 4. HP: 41/42 MP: 4/4
  1689 | D:3      | Reached XP level 5. HP: 48/49 MP: 5/5
  2159 | D:4      | Reached skill level 4 in Axes
  2174 | D:4      | Reached XP level 6. HP: 27/56 MP: 6/6
  2198 | D:4      | Found a staircase to the Ecumenical Temple.
  2220 | Temple   | Entered the Ecumenical Temple
  2961 | D:5      | Entered Level 5 of the Dungeon
  3115 | D:5      | Reached skill level 5 in Axes
  3115 | D:5      | Reached skill level 5 in Armour
  3115 | D:5      | Reached skill level 5 in Shields
  3115 | D:5      | Reached XP level 7. HP: 48/63 MP: 4/4
  3203 | D:5      | Reached skill level 6 in Axes
  3357 | D:5      | Reached XP level 8. HP: 23/72 MP: 4/4
  3396 | D:5      | Found a basalt altar of Yredelemnul.
  3749 | D:5      | Reached skill level 7 in Axes
  4139 | D:6      | Found Hoixiuzu's General Store.
  4440 | D:6      | You fall through a shaft for 2 floors!
  4525 | D:8      | Reached skill level 8 in Axes
  4563 | D:8      | Noticed Prince Ribbit
  4603 | D:8      | Noticed Psyche
  4616 | D:8      | Killed Psyche
  4616 | D:8      | Gained mutation: You passively map the area around you. [Deep Dwarf growth]
  4616 | D:8      | Reached XP level 9. HP: 60/80 MP: 4/4
  4698 | D:7      | Found Ucoxzakk's Antique Weapon Boutique.
  4738 | D:7      | Reached skill level 5 in Fighting
  4775 | D:7      | Reached skill level 9 in Axes
  5029 | D:7      | Found a sand-covered staircase.
  5033 | Ossuary  | Entered an ossuary
  5308 | D:7      | Found a flagged portal.
  5319 | Bailey   | Entered a bailey
  5329 | Bailey   | Gained mutation: You are clumsy. (Dex -2) [potion of mutation]
  5329 | Bailey   | Gained mutation: You are partially covered in rugged brown scales. (AC +1, +3% HP) [potion of mutation]
  5338 | Bailey   | Noticed an orc knight
  5360 | Bailey   | Killed an orc knight
  5411 | Bailey   | Reached skill level 10 in Axes
  5421 | Bailey   | Reached skill level 5 in Dodging
  5619 | D:7      | Reached XP level 10. HP: 64/92 MP: 4/4
  5930 | D:7      | You fall through a shaft for 2 floors!
  5934 | D:9      | Noticed Erolcha
  5970 | D:9      | Killed Erolcha
  6003 | D:9      | Noticed Erica
  6004 | D:9      | Found a staircase to the Orcish Mines.
  6041 | D:9      | Killed Erica
  6208 | D:8      | Reached skill level 11 in Axes
  6693 | D:6      | Found a glowing golden altar of the Shining One.
  6944 | D:8      | Noticed a two-headed ogre
  6958 | D:8      | Killed a two-headed ogre
  6974 | D:8      | Got a vibrating platinum ring
  6978 | D:8      | Noticed a two-headed ogre
  6996 | D:8      | Killed a two-headed ogre
  7000 | D:8      | Killed Prince Ribbit
  7238 | D:8      | Reached XP level 11. HP: 36/101 MP: 5/5
  7781 | D:8      | Noticed a two-headed ogre
  7793 | D:8      | Killed a two-headed ogre
  7959 | D:8      | Identified the ring of Daisies {*Corrode rElec MP-9 Str+10 Int+2} (You took it off a centaur on level 8 of the Dungeon)
  8288 | D:9      | Found an ornate altar of the Wu Jian Council.
  8288 | D:9      | Found a burning altar of Makhleb.
  8292 | D:9      | Became a worshipper of Makhleb the Destroyer
  8438 | D:9      | Reached skill level 12 in Axes
  8490 | D:9      | Found an ancient bone altar of Kikubaaqudgha.
  8601 | D:10     | Entered Level 10 of the Dungeon
  8932 | D:10     | Reached * piety under Makhleb
  9137 | D:10     | Got a fine shield
  9148 | D:10     | Identified the +0 shield of Awe {rPois Slay+4} (You found it on level 10 of the Dungeon)
  9250 | D:10     | Found Yput's General Store.
  9262 | D:10     | Bought a potion of mutation for 88 gold pieces
  9262 | D:10     | Lost mutation: You are clumsy. (Dex -2) [potion of mutation]
  9262 | D:10     | Lost mutation: You are partially covered in rugged brown scales. (AC +1, +3% HP) [potion of mutation]
  9262 | D:10     | Gained mutation: You have a pair of small horns on your head. [potion of mutation]
  9262 | D:10     | Gained mutation: You are clumsy. (Dex -2) [potion of mutation]
  9262 | D:10     | Gained mutation: You are somewhat resistant to further mutation. [potion of mutation]
  9278 | D:11     | Noticed a two-headed ogre
  9289 | D:11     | Killed a two-headed ogre
  9329 | D:11     | Found a labyrinth entrance.
  9332 | D:11     | Noticed a red ugly thing
  9335 | D:11     | Found a burning altar of Makhleb.
  9343 | D:11     | Killed a red ugly thing
  9361 | Lab      | Entered a labyrinth
  9454 | Lab      | Reached ** piety under Makhleb
  9525 | Lab      | Noticed a minotaur
  9543 | Lab      | HP: 2/100 [something (8)]
  9553 | Lab      | Killed a minotaur
  9553 | Lab      | Reached skill level 13 in Axes
  9671 | D:11     | Noticed a two-headed ogre
  9680 | D:11     | Reached XP level 12. HP: 24/109 MP: 0/1
  9682 | D:11     | Killed a two-headed ogre
  9697 | D:11     | Noticed a two-headed ogre
  9706 | D:11     | Slain by a two-headed ogre

Skill      XL: |  1  2  3  4  5  6  7  8  9 10 11 |
---------------+----------------------------------+-----
Fighting       | 3 4 5 6 7 |  7.7
Axes           | 3 4 5 6 8 10 11 13 | 13.2
Armour         | 4 5 6 7 8 9 |  9.6
Dodging        | 1 2 3 4 5 6 7 |  7.2
Shields        | 4 5 6 7 8 9 |  9.9

Action                   |  1- 3 |  4- 6 |  7- 9 | 10-12 || total
-------------------------+-------+-------+-------+-------++-------
Melee: War axe           |   162 |   103 |   463 |   556 ||  1284
       Headbutt          |       |       |       |    42 ||    42
 Abil: Heal Wounds       |     2 |     6 |    14 |    23 ||    45
  Use: Scroll            |     7 |     4 |    12 |     5 ||    28
       Potion            |       |       |     1 |     2 ||     3
 Stab: Distracted        |       |       |       |     1 ||     1
  Eat: Chunk             |     2 |     5 |    11 |    13 ||    31
Armor: Scale mail        |    37 |       |       |       ||    37
       Plate armour      |   101 |    83 |   262 |       ||   446
       Gold dragon scale |       |       |    10 |   269 ||   279
       Crystal plate arm |       |       |       |    14 ||    14
Dodge: Dodged            |    53 |    19 |   163 |   104 ||   339
Block: Shield            |    96 |    68 |   307 |   343 ||   814
